 Dungeon Crawl Stone Soup version 0.22-a0-443-g17c3723 (webtiles) character file.

87 incide the Charmwright (level 4, -2/28 HPs)
             Began as a Gargoyle Wanderer on May 31, 2018.
             Was an Initiate of Vehumet.
             Slain by a worm (7 damage)
             ... on level 3 of the Dungeon.
             The game lasted 00:04:20 (1475 turns).

incide the Charmwright (Gargoyle Wanderer)          Turns: 1475, Time: 00:04:21

Health: -2/28      AC:  5    Str: 16    XL:     4   Next: 51%
Magic:  4/7        EV: 11    Int: 10    God:    Vehumet [......]
Gold:   92         SH:  0    Dex: 12    Spells: 6/7 levels left

rFire    . . .     SeeInvis .   a - +2 mace
rCold    . . .     Gourm    .   (no shield)
rNeg     + . .     Faith    .   c - +0 robe
rPois    ∞         Spirit   .   (no helmet)
rElec    +         Reflect  .   (no cloak)
rCorr    .         Harm     .   (no gloves)
MR       .....                  (no boots)
Stlth    +.........             (no amulet)
HPRegen  0.09/turn              (no ring)
MPRegen  0.10/turn              (no ring)

@: no status effects
A: negative energy resistance 1, electricity resistance, unbreathing,
petrification resistance, rot immunity, AC +3
a: Renounce Religion


You were on level 3 of the Dungeon.
You worshipped Vehumet.
Vehumet was noncommittal.
You were not hungry.

You visited 1 branch of the dungeon, and saw 3 of its levels.

You collected 92 gold pieces.

Inventory:

Hand Weapons
 a - a +2 mace (weapon)
 p - a +0 blowgun
Missiles
 h - 58 poisoned needles
 n - 7 javelins (quivered)
Armour
 b - a +0 chain mail
 c - a +0 robe (worn)
 j - a +0 ring mail
 r - a +0 scale mail
Scrolls
 e - a scroll of amnesia {unknown}
 f - a scroll of fear {unknown}
 g - a scroll of enchant armour {unknown}
 i - 2 scrolls of identify {unknown}
 k - 2 scrolls of teleportation {unknown}
Potions
 l - a potion of lignification {unknown}
 m - a potion of ambrosia {unknown}
 o - a potion of curing {unknown}
 q - a potion of agility {unknown}
Comestibles
 d - 4 rations


   Skills:
 - Level 3.0 Fighting
 - Level 2.0 Maces & Flails
 - Level 1.1 Armour
   Level 2.1 Shields
 + Level 2.3 Spellcasting
   Level 3.6 Charms
 - Level 1.2 Poison Magic


You had 6 spell levels left.
You knew the following spells:

 Your Spells              Type           Power        Failure   Level  Hunger
a - Sting                 Conj/Pois      #...         24%         1    ##.....

Your spell library contained the following spells:

 Spells                   Type           Power        Failure   Level  Hunger
 Ignite Poison            Fire/Tmut/Pois #.......     61%         3    ####...


Dungeon Overview and Level Annotations

Branches:
Dungeon (3/15)

Altars:
Vehumet


Innate Abilities, Weirdness & Mutations

You are resistant to torment.
Your stone body is resilient. (AC +3)
You are immune to poison.
You resist negative energy. (rN+)
You are resistant to electric shocks. (rElec)
You can survive without breathing.
You are immune to petrification.
You are immune to rotting.


Message History

Casting: Sting (safe; 24% risk of failure)
Confirm with . or Enter, or press ? or * to list all spells.
Aiming: Sting (safe; 24% risk of failure)
Press: ? - help, Shift-Dir - straight line, f/p - worm
Aim: a worm The sting hits the worm.
The worm is poisoned.
The worm is lightly wounded.
You hit the worm.
The worm is moderately wounded.
The worm barely misses you.
You hit the worm.
The worm is heavily wounded.
You hit the worm.
The worm is severely wounded.
The worm bites you.
* * * LOW HITPOINT WARNING * * *
You hit the worm.
The worm is severely wounded.
The worm looks more healthy.
The worm bites you!
You die...

... ##.##.#.# ..
#....).# ..
#####.### .
..###.# #.
#.##..#
###.#.####.##.##
........##.##.#
#.##(##.#
#.#...(w@(#
#....).####
########


You could see a worm.

Vanquished Creatures
  A crimson imp (D:3)
  An ooze (D:2)
  2 worms (D:2)
  4 orcs (D:3)
  A giant cockroach (D:3)
  5 goblins
  5 hobgoblins
  3 jackals (D:3)
  5 kobolds
  5 bats
  2 frilled lizards (D:2)
  4 rats (D:2)
38 creatures vanquished.

Notes
Turn   | Place    | Note
-------+----------+-------------------------------------------
     0 | D:1      | incide the Gargoyle Wanderer began the quest for the Orb.
     0 | D:1      | incide set off with: a +2 mace, a +0 robe, a ration
     0 | D:1      | Reached XP level 1. HP: 10/10 MP: 2/2
    34 | D:1      | Learned a level 1 spell: Sting
   114 | D:1      | Reached skill level 1 in Fighting
   190 | D:1      | Reached XP level 2. HP: 8/17 MP: 3/3
   252 | D:1      | Reached skill level 2 in Fighting
   703 | D:2      | HP: 3/18 [worm (5)]
   727 | D:2      | HP: 3/18 [worm (2)]
   868 | D:2      | Reached XP level 3. HP: 14/22 MP: 4/4
   999 | D:2      | Reached skill level 3 in Fighting
  1029 | D:2      | Found a radiant altar of Vehumet.
  1035 | D:2      | Became a worshipper of Vehumet
  1177 | D:3      | Reached skill level 1 in Poison Magic
  1464 | D:3      | Reached skill level 2 in Spellcasting
  1464 | D:3      | Reached XP level 4. HP: 10/28 MP: 5/7
  1474 | D:3      | HP: 5/28 [worm (6)]
  1475 | D:3      | Slain by a worm

Vault maps used:
D:1:      minmay_arrival_pointy
D:2:      vehumet_crystals
D:3:      first_ration

Skill      XL: |  1  2  3 |
---------------+----------+-----
Fighting       | 1 2 3 |  3.0
Poison Magic   | 1 |  1.2
Spellcasting   | 2 |  2.3
Maces & Flails | |  2.0
Armour         | |  1.1
Shields        | |  2.1
Charms         | |  3.6

Action                   |  1- 3 |  4- 6 || total
-------------------------+-------+-------++-------
Melee: Mace              |   115 |     4 ||   119
 Cast: Sting             |     1 |     2 ||     3
  Eat: Chunk             |     2 |       ||     2
Armor: Robe              |    27 |       ||    27
Dodge: Dodged            |    72 |     1 ||    73

Table legend:
 A = Spawn XP
 B = Non-spawn XP
 C = Spawn XP percentage of total XP
 D = Spawn monster count
 E = Non-spawn monster count
 F = Spawn count percentage of total count
 G = Total turns spent on level
                    A         B        C        D         E        F      G
               +---------+---------+-------+---------+---------+-------+---------
         Total |       0 |     125 |   0.0 |       0 |      38 |   0.0 |  1475
               +---------+---------+-------+---------+---------+-------+---------
           D:1 |       0 |      20 |   0.0 |       0 |      12 |   0.0 |   619
           D:2 |       0 |      32 |   0.0 |       0 |      14 |   0.0 |   483
           D:3 |       0 |      73 |   0.0 |       0 |      12 |   0.0 |   373
               +---------+---------+-------+---------+---------+-------+---------
